 Dungeon Crawl Stone Soup version 0.31-a0-1278-g11c5b68f87 (webtiles) character file.

Game seed: 4119103192711806194

145630 Tenar the Covert (level 16, -11/110 (120) HPs)
             Began as a Demonspawn Enchanter on Dec 17, 2023.
             Was an Initiate of Gozag.
             Mangled by a +4 demon blade of pain (22 damage)
             ... on level 11 of the Dungeon.
             The game lasted 01:14:38 (29324 turns).

Tenar the Covert (Demonspawn Enchanter)            Turns: 29324, Time: 01:14:38

HP:   -11/110 (120) AC: 14    Str: 15    XL:     16   Next: 87%
MP:   29/29         EV: 21    Int: 19    God:    Gozag
Gold: 2327          SH:  0    Dex: 17    Spells: 16/33 levels left

rFire   + . .        a - +2 dagger (protect)
rCold   + . .        (no shield)
rNeg    . . .        w - +1 robe of the Engineer {^Contam Will+++ Int+3 Archmagi}
rPois   +            W - +0 mask of the Dragon {Will+ Slay+3 SInv}
rElec   +            p - +2 cloak {rPois}
rCorr   .            E - +3 pair of gloves of Burning Curiosity {Dex+2}
SInv    +            T - +0 pair of boots
Will    +++++        I - amulet of regeneration
Stlth   ++++         t - ring of protection from cold
HPRegen 1.18/turn    P - ring "Codilaats" {Fly rElec rPois rF+ Stlth-}
MPRegen 0.21/turn

%: archmagi
@: agile, about to teleport, gold aura, on berserk cooldown, flying, slowed,
studying Air Magic, drained, very slow
A: powered by pain 1, sharp scales 2, demonic magic 2, demonic touch 2
a: Renounce Religion, Potion Petition, Call Merchant, Bribe Branch


You were on level 11 of the Dungeon.
You worshipped Gozag.
Gozag was most pleased with you.
You visited 6 branches of the dungeon, and saw 26 of its levels.
You also visited: Gauntlet.

You collected 9254 gold pieces.
You spent 2138 gold pieces at shops.
You paid 4789 gold pieces to Gozag.

Inventory:

Hand Weapons
 a - a +2 dagger of protection (weapon)
 l - the +8 short sword "Tuyfraps" {heavy, rF+ Dex+2}
   (You found it on level 6 of the Dungeon)

   Dex+2:     It affects your dexterity (+2).
   rF+:       It protects you from fire.
 G - the +6 falchion of Vodka {venom, rElec Int+4}
   (You took it off a naga mage on level 1 of the Snake Pit)

   Int+4:     It affects your intelligence (+4).
   rElec:     It insulates you from electricity.
Missiles
 F - 3 throwing nets (quivered)
Armour
 i - the +1 robe of Vatum {rElec rC+ Int-3 Dex+2}
   (You found it in a Gauntlet)

   Int-3:     It affects your intelligence (-3).
   Dex+2:     It affects your dexterity (+2).
   rC+:       It protects you from cold.
   rElec:     It insulates you from electricity.
 o - the +3 scale mail "Moxtuik" {rF+ Int+5}
   (You found it on level 11 of the Dungeon)

   Int+5:     It affects your intelligence (+5).
   rF+:       It protects you from fire.
 p - a +2 cloak of poison resistance (worn)
 w - the +1 robe of the Engineer (worn) {^Contam Will+++ Int+3 Archmagi}
   (You found it on level 4 of the Dungeon)

   Int+3:     It affects your intelligence (+3).
   Will+++:   It greatly increases your willpower.
   ^Contam:   It causes magical contamination when unequipped.
   Archmagi:  It increases the power of your magical spells.
 D - a +2 robe of positive energy
 E - the +3 pair of gloves of Burning Curiosity (worn) {Dex+2}
   (You found it on level 11 of the Dungeon)

   Dex+2:     It affects your dexterity (+2).
 T - a +0 pair of boots (worn)
 W - the +0 mask of the Dragon (worn) {Will+ Slay+3 SInv}
   (You bought it in a shop on level 10 of the Dungeon)

   Slay+3:    It affects your accuracy & damage with ranged weapons and melee
   (+3).
   Will+:     It increases your willpower.
   SInv:      It lets you see invisible.
Magical Staves
 Q - a staff of fire
Jewellery
 g - a +6 ring of intelligence
 r - a ring of flight
 t - a ring of protection from cold (left hand)
 v - a ring of positive energy
 I - an amulet of regeneration (around neck)
 M - a ring of willpower
 O - the ring "Seubryhosh" {Dex+4 SInv}
   (You bought it in a shop on level 2 of the Orcish Mines)

   [ring of see invisible]

   Dex+4:     It affects your dexterity (+4).
   SInv:      It lets you see invisible.
 P - the ring "Codilaats" (right hand) {Fly rElec rPois rF+ Stlth-}
   (You bought it in a shop on level 2 of the Orcish Mines)

   [ring of protection from fire]

   rF+:       It protects you from fire.
   rElec:     It insulates you from electricity.
   rPois:     It protects you from poison Fly: It grants you flight.
   Stlth-:    It makes you less stealthy.
 V - a +6 ring of strength
 X - the ring of Acuolytu {rPois rF+}
   (You found it in a Gauntlet)

   [ring of protection from fire]

   rF+:       It protects you from fire.
   rPois:     It protects you from poison
Wands
 n - a wand of digging (8)
 u - a wand of iceblast (18)
 B - a wand of quicksilver (19)
 J - a wand of paralysis (17)
 L - a wand of mindburst (3)
Scrolls
 b - 4 scrolls of silence
 e - a scroll of teleportation
 k - 2 scrolls of blinking
 y - a scroll of amnesia
 C - 2 scrolls of revelation
 H - 2 scrolls of brand weapon
 K - 6 scrolls of identify
 S - 3 scrolls of immolation
 Y - 5 scrolls of enchant weapon
Potions
 c - 5 potions of invisibility
 d - 2 potions of might
 f - 8 potions of curing
 h - 3 potions of magic
 j - 5 potions of enlightenment
 m - 5 potions of haste
 q - 3 potions of berserk rage
 s - 4 potions of lignification
 x - 3 potions of resistance
 z - 4 potions of brilliance
 A - 5 potions of mutation
 N - a potion of ambrosia
 U - 2 potions of cancellation
Miscellaneous
 R - a box of beasts
 Z - a condenser vane


   Skills:
 + Level 9.0 Fighting
 * Level 11.1 Short Blades
 + Level 8.6 Armour
 + Level 7.3 Dodging
 * Level 12.3 Stealth
 + Level 9.0 Spellcasting
 - Level 10.0 Conjurations
 - Level 10.0 Hexes
 * Level 9.4 Fire Magic
 + Level 9.9 Ice Magic
 + Level 6.0 Air Magic


You had 16 spell levels left.
You knew the following spells:

 Your Spells              Type           Power      Damage    Failure   Level
a - Ensorcelled Hibernat  Hex/Ice        100%       N/A       1%          2
b - Sticky Flame          Conj/Fire      62%        2d8       1%          4
c - Freezing Cloud        Conj/Ice/Air   29%        6-21      7%          5
d - Tukima's Dance        Hex            63%        N/A       1%          3
e - Swiftness             Air            47%        N/A       1%          3

Your spell library contained the following spells:

 Spells                   Type           Power      Damage    Failure   Level
 Slow                     Hex            100%       N/A       1%          1
 Scorch                   Fire           100%       2d9       1%          2
 Static Discharge         Conj/Air       100%       3-8/arc   1%          2
 Confusing Touch          Hex            63%        N/A       1%          3
 Dazzling Flash           Conj/Hex       100%       N/A       1%          3
 Inner Flame              Hex/Fire       62%        N/A       1%          3
 Sigil of Binding         Hex            63%        N/A       1%          3
 Flame Wave               Conj/Fire      62%        2d14      1%          4
 Mephitic Cloud           Conj/Pois/Air  43%        N/A       2%          3
 Poisonous Vapours        Pois/Air       58%        N/A       3%          2
 Summon Guardian Golem    Hex/Summ       41%        N/A       3%          3
 Ignite Poison            Fire/Tmut/Pois 30%        N/A       7%          3
 Airstrike                Air            23%        2d(4-20)  7%          4
 Apportation              Tloc           24%        N/A       9%          1
 Necrotise                Necr           48%        1d6       9%          1
 Summon Small Mammal      Summ           48%        N/A       9%          1
 Passwall                 Tmut/Erth      10%        N/A       12%         2
 Sublimation of Blood     Necr           12%        N/A       12%         2
 Wereblood                Tmut           12%        N/A       12%         2
 Call Canine Familiar     Summ           12%        N/A       24%         3
 Vampiric Draining        Necr           12%        2d6       24%         3
 Summon Lightning Spire   Summ/Air       29%        N/A       24%         4
 Summon Cactus Giant      Summ           6%         N/A       100%        6
 Summon Hydra             Summ           6%         N/A       100%        7
 Ignition                 Fire           30%        3d10      100%        8


Dungeon Overview and Level Annotations

Branches:
Dungeon (15/15)            Temple (1/1) D:7            Lair (5/5) D:9
 Shoals (2/4) Lair:2        Snake (1/4) Lair:2        Slime (0/5) Lair:4
    Orc (2/2) D:10            Elf (0/3) Orc:2        Vaults (0/5) D:13
 Depths (0/4) D:15        Gauntlet (visited)

Altars:
Ashenzari
Cheibriados
Dithmenos
Fedhas
Gozag
Hepliaklqana
Kikubaaqudgha
Makhleb
Nemelex Xobeh
Okawaru
Qazlal
Ru
Sif Muna
Trog
Uskayaw
Vehumet
Wu Jian
Xom
Yredelemnul

Shops:
D:7 *   D:10 [   D:13 !   Orc:2 *![*=(=   Lair:2 [   Shoals:2 [   Snake:1 ?

Annotations:
Lair:4 3 runed translucent doors, exclusion: 3 doors, Citaecs's ghost, journeyman AtMo
Shoals:2 2 transporters, Ciuzocro's ghost, adept GnFi


Innate Abilities, Weirdness & Mutations

You sometimes gain a little power by taking damage.
You are mostly covered in razor-sharp scales. (AC +2, Slay +2)
Spells you cast may paralyse nearby enemies.
Your touch may inflict irresistible damage on your foes.


Message History

Your touch misses the +2 vampiric demon trident.
You hit the +2 vampiric demon trident. The +4 demon blade of pain hits you!
The +2 vampiric demon trident closely misses you.
You take 10 damage, and have 59/162 hp.
You hit the +2 vampiric demon trident.
You closely miss the +2 vampiric demon trident.
The +4 demon blade of pain misses you.
The +2 vampiric demon trident closely misses you.
You puncture the +2 vampiric demon trident!
You hit the +2 vampiric demon trident.
The +2 vampiric demon trident turns to gold and falls from the air.
The +4 demon blade of pain is distracted by your dazzling golden aura.
Your Air Magic skill increases to level 6!
You are no longer berserk.
You are exhausted.
You feel yourself slow down.
You see here 6 gold pieces.
You now have 41/110 hp.
You miss the +4 demon blade of pain.
The +4 demon blade of pain is no longer distracted by gold.
Your touch misses the +4 demon blade of pain.
The +4 demon blade of pain hits you.
You take 5 damage, and have 36/110 hp.
You miss the +4 demon blade of pain.
Your touch misses the +4 demon blade of pain.
The +4 demon blade of pain hits you.
You take 2 damage, and have 34/110 hp.
Unknown command.
As you read the scroll of teleportation, it crumbles to dust.
You feel strangely unstable. The +4 demon blade of pain misses you.
The +4 demon blade of pain hits you. The +4 demon blade of pain hits you!!
* * * LOW HITPOINT WARNING * * *
You take 20 damage, and have 14/110 hp.
Unknown command.
You feel better. The +4 demon blade of pain hits you!
* * * LOW HITPOINT WARNING * * *
The +4 demon blade of pain hits you!!
You die...
Your body crumbles into a pile of gold.

#..# #...# #..# #.# #..#
#...# #..# #.# #..# #...#
#..# #.# #..# #...# #..#
#.# #..# #...# #..# #.#
#..# #...######..# #.#
#..# #...........# #.#
#..# #....####$### #.#
#..# #...###..@(.#* #.#
#..# #...##.......# #.#
#..# #...##.......######.#
#..# #...##...⌠...#......#
#..###...##.......#......#
#........##.......#####..#
###<.......###.....## #..#
....#####..# ####### #..#
.>..# #..# #.=.# #..#


You could see a +4 demon blade of pain.

Vanquished Creatures
  Saint Roka (Orc:2)
  Rupert (Orc:2)
  A tentacled monstrosity (Snake:1)
  Gastronok (Lair:2)
  A thorn hunter (Snake:1)
  Ilsuiw (Shoals:2)
  The ghost of Jeromn Koenk the Martial Artist, an adept OpSh of Wu Jian (D:15)
  A stone giant (D:15)
  Nessos (Lair:4)
  A minotaur (Gauntlet)
  A yaktaur captain (D:13)
  2 merfolk impalers (Shoals:2)
  3 rakshasas (D:15)
  5 hydras
  2 merfolk avatars
  3 boulder beetles
  5 centaur warriors
  2 two-headed ogres
  3 alligators (Snake:1)
  2 anacondas (Snake:1)
  2 dancing weapons (D:11)
  4 naga warriors (Snake:1)
  2 naga sharpshooters (Snake:1)
  A shock serpent (Snake:1)
  2 tengu warriors
  Urug (Orc:1)
  5 orc high priests (Orc:2)
  Sonja (Lair:2)
  3 sun demons (Shoals:2)
  5 skysharks
  A goliath frog (Snake:1)
  7 sea snakes
  5 swamp dragons (Snake:1)
  2 sun moths (Shoals:2)
  14 slime creatures
  The ghost of Graknight the Geomancer, a novice TrEE (D:6)
  7 harpies
  9 orc knights (Orc:2)
  2 deep elf pyromancers
  2 mana vipers (Snake:1)
  An orc sorcerer (Orc:2)
  12 ugly things
  11 manticores
  6 cyclopes
  8 fauns
  13 elephants
  5 salamanders (Snake:1)
  A rust devil (Gauntlet)
  15 black mambas
  A kobold blastminer (Orc:1)
  Joseph (D:7)
  6 merfolk sirens
  4 naga magi (Snake:1)
  3 water nymphs (Shoals:1)
  7 cane toads
  A smoke demon (Gauntlet)
  A minotaur zombie (Gauntlet)
  2 gargoyles
  A torpor snail (Lair:5)
  10 komodo dragons
  3 kobold demonologists
  5 rime drakes
  2 yaktaurs (D:13)
  An efreet (Gauntlet)
  2 freezing wraiths
  3 tengu conjurers
  2 tyrant leeches (Snake:1)
  3 meliai (D:13)
  A red devil (Gauntlet)
  9 trolls
  4 polar bears
  2 wind drakes
  4 merfolk
  17 blink frogs
  3 hornets
  A wolf spider simulacrum (D:15)
  13 dream sheep
  2 snapping turtles (Shoals:2)
  A centaur simulacrum (D:15)
  4 water elementals
  2 wyverns
  A ynoxinul (Gauntlet)
  Sigmund (D:4)
  2 wraiths (D:10)
  A shadow (D:11)
  2 spriggans (D:15)
  54 yaks
  3 fire elementals (Gauntlet)
  5 basilisks
  11 vampire mosquitoes
  5 steam dragons
  14 nagas (Snake:1)
  2 swamp worms (Snake:1)
  2 acid dragons
  21 water moccasins
  A hell hound (Gauntlet)
  A meliai simulacrum (D:15)
  2 swamp drakes (Snake:1)
  5 ice beasts
  35 orc warriors
  5 ogres
  7 sky beasts
  A black bear (D:7)
  12 wolves
  A boggart (D:15)
  12 centaurs
  3 phantoms
  8 kobold brigands
  11 bullfrogs
  2 gnoll sergeants (D:9)
  4 scorpions
  5 wights (D:10)
  3 killer bees (D:9)
  9 electric eels
  7 howler monkeys
  4 crimson imps (Gauntlet)
  8 hounds
  4 iron imps (Gauntlet)
  3 jellies
  33 orc priests
  Crazy Yiuf (D:3)
  Jessica (D:2)
  6 iguanas
  24 orc wizards
  4 sleepcaps
  A boggart simulacrum (D:15)
  Robin (D:4)
  9 adders
  22 gnolls
  2 shadow imps
  3 white imps
  5 ufetubi
  A worm (D:2)
  7 dart slugs
  105 orcs
  7 endoplasms
  4 giant cockroaches
  15 goblins
  10 hobgoblins
  6 quokkas
  8 ball pythons
  7 bats
  4 frilled lizards
  5 kobolds
  2 rats
877 creatures vanquished.

Vanquished Creatures (collateral kills)
  An orc (D:9)
1 creature vanquished.

Vanquished Creatures (others)
  A howler monkey (D:13)
  An orc (D:7)
2 creatures vanquished.

Grand Total: 880 creatures vanquished

Notes
Turn   | Place    | Note
-------+----------+-------------------------------------------
     0 | D:1      | Tenar the Demonspawn Enchanter began the quest for the Orb.
     0 | D:1      | Reached XP level 1. HP: 13/13 MP: 3/3
   208 | D:1      | Reached skill level 1 in Short Blades
   411 | D:1      | Gained mutation: Spells you cast may paralyse adjacent
                  | enemies. [demonic ancestry]
   411 | D:1      | Reached XP level 2. HP: 13/20 MP: 5/5
   422 | D:1      | Learned a level 2 spell: Ensorcelled Hibernation
   729 | D:1      | Reached skill level 3 in Stealth
  1221 | D:2      | Reached XP level 3. HP: 20/25 MP: 3/6
  1290 | D:2      | Reached skill level 1 in Fighting
  1290 | D:2      | Reached skill level 1 in Ice Magic
  1316 | D:2      | Gained mutation: Your touch may inflict minor irresistible
                  | damage on your foes. [demonic ancestry]
  1316 | D:2      | Reached XP level 4. HP: 32/32 MP: 1/7
  1410 | D:2      | Reached skill level 6 in Stealth
  1410 | D:2      | Gained mutation: You are partially covered in razor-sharp
                  | scales. (AC +1, Slay +1) [demonic ancestry]
  1410 | D:2      | Reached XP level 5. HP: 13/41 MP: 0/10
  1559 | D:2      | Learned a level 3 spell: Tukima's Dance
  1874 | D:2      | Noticed Jessica
  1876 | D:2      | Killed Jessica
  2226 | D:3      | Found a runed translucent door.
  2227 | D:3      | Noticed Crazy Yiuf
  2884 | D:3      | Killed Crazy Yiuf
  2885 | D:3      | Reached XP level 6. HP: 47/47 MP: 10/12
  2973 | D:4      | Noticed Robin
  2993 | D:4      | Killed Robin
  3208 | D:4      | Noticed Sigmund
  3240 | D:4      | Killed Sigmund
  3241 | D:4      | Reached skill level 5 in Short Blades
  3241 | D:4      | Reached XP level 7. HP: 53/53 MP: 7/13
  3994 | D:4      | Identified the +1 robe of the Engineer {^Contam Will+++
                  | Int+3 Archmagi}
  4048 | D:4      | Reached skill level 5 in Ice Magic
  4175 | D:5      | Entered Level 5 of the Dungeon
  4253 | D:5      | Reached skill level 1 in Armour
  4447 | D:5      | Gained mutation: Spells you cast may paralyse nearby
                  | enemies. [demonic ancestry]
  4447 | D:5      | Reached XP level 8. HP: 59/60 MP: 14/14
  4980 | D:5      | Reached skill level 5 in Spellcasting
  4980 | D:5      | Gained mutation: Your touch may inflict irresistible damage
                  | on your foes. [demonic ancestry]
  4980 | D:5      | Reached XP level 9. HP: 65/65 MP: 14/17
  5160 | D:6      | Reached skill level 5 in Armour
  5430 | D:6      | Learned a level 4 spell: Sticky Flame
  5546 | D:6      | Noticed a red ugly thing
  5549 | D:6      | Found a transporter.
  5619 | D:6      | Noticed Graknight's ghost (novice TrEE)
  5620 | D:6      | Found a transporter.
  5621 | D:6      | Noticed a cyclops
  6248 | D:7      | Noticed Joseph
  6254 | D:7      | Killed Joseph
  6255 | D:7      | Reached XP level 10. HP: 72/72 MP: 15/18
  6325 | D:7      | Reached skill level 1 in Conjurations
  6358 | D:7      | Reached skill level 1 in Fire Magic
  6358 | D:7      | Found Plog's Assorted Antiques.
  6452 | D:7      | Found a staircase to the Ecumenical Temple.
  6486 | Temple   | Entered the Ecumenical Temple
  6504 | Temple   | Became a worshipper of Gozag Ym Sagoz the Greedy
  6662 | D:7      | Reached skill level 7 in Stealth
  7520 | D:9      | Noticed a two-headed ogre
  7538 | D:9      | Killed a two-headed ogre
  7831 | D:9      | Found a stormy altar of Qazlal.
  7854 | D:9      | Reached XP level 11. HP: 74/78 MP: 14/20
  7985 | D:9      | Found a staircase to the Lair.
  8467 | D:9      | Noticed a tengu warrior
  8476 | D:9      | Killed a tengu warrior
  8477 | D:9      | Reached skill level 5 in Fighting
  8685 | Lair:1   | Entered Level 1 of the Lair of Beasts
  8860 | Lair:1   | Reached skill level 8 in Stealth
  9684 | Lair:2   | Noticed Sonja
  9692 | Lair:2   | Killed Sonja
  9693 | Lair:2   | Reached XP level 12. HP: 86/86 MP: 19/21
  9881 | Lair:2   | Found a staircase to the Snake Pit.
 10194 | Lair:2   | Found a staircase to the Shoals.
 10220 | Lair:2   | Noticed Gastronok
 10369 | Lair:2   | Killed Gastronok
 10370 | Lair:2   | Reached skill level 5 in Conjurations
 10945 | Lair:3   | Noticed an eight-headed hydra
 11063 | Lair:3   | Killed an eight-headed hydra
 11068 | Lair:3   | Reached skill level 5 in Fire Magic
 11323 | Lair:3   | Gained mutation: You are mostly covered in razor-sharp
                  | scales. (AC +2, Slay +2) [demonic ancestry]
 11323 | Lair:3   | Reached XP level 13. HP: 86/93 MP: 18/23
 11391 | Lair:3   | Reached skill level 9 in Stealth
 12130 | Lair:4   | Found a runed translucent gate.
 12134 | Lair:4   | Found a runed translucent gate.
 12135 | Lair:4   | Found a runed translucent gate.
 12136 | Lair:4   | Noticed Citaecs's ghost (journeyman AtMo)
 12188 | Lair:4   | You fall into a shaft and drop 1 floor!
 12188 | Lair:5   | Entered Level 5 of the Lair of Beasts
 12476 | Lair:4   | Noticed Nessos
 12487 | Lair:4   | Killed Nessos
 12552 | Lair:4   | Reached skill level 5 in Dodging
 12721 | Lair:4   | Found a staircase to the Slime Pits.
 13601 | Lair:5   | Reached skill level 10 in Hexes
 14252 | Lair:5   | Identified the +7 trident "Xoacacebb" {elec, rPois Int+2}
 14571 | D:10     | Entered Level 10 of the Dungeon
 14697 | D:10     | Found a staircase to the Orcish Mines.
 14913 | D:10     | Gained mutation: You sometimes gain a little power by
                  | taking damage. [demonic ancestry]
 14913 | D:10     | Reached XP level 14. HP: 101/101 MP: 19/25
 15346 | D:10     | Found Zeufap's Antique Armour Emporium.
 15392 | D:10     | Bought the +0 mask of the Dragon {Will+ Slay+3 SInv} for
                  | 701 gold pieces
 15392 | D:10     | Found the +0 mask of the Dragon {Will+ Slay+3 SInv}
 15856 | D:11     | Found a gate leading to a gauntlet.
 15868 | Gauntlet | Entered a Gauntlet
 15868 | Gauntlet | Found a transporter.
 15888 | Gauntlet | Found a transporter.
 15901 | Gauntlet | Found a transporter.
 15906 | Gauntlet | Found a transporter.
 15921 | Gauntlet | Found a transporter.
 15940 | Gauntlet | Found a transporter.
 15952 | Gauntlet | Found a transporter.
 15964 | Gauntlet | Found a transporter.
 15983 | Gauntlet | Found a transporter.
 15995 | Gauntlet | Found a transporter.
 16012 | Gauntlet | Found a transporter.
 16029 | Gauntlet | Found a transporter.
 16031 | Gauntlet | Found a transporter.
 16056 | Gauntlet | Found a transporter.
 16058 | Gauntlet | Found a transporter.
 16154 | Gauntlet | Found a transporter.
 16186 | Gauntlet | Found a transporter.
 16495 | Gauntlet | Reached skill level 10 in Stealth
 16576 | Gauntlet | Identified the ring of Acuolytu {rPois rF+}
 16633 | Gauntlet | Identified the +1 robe of Vatum {rElec rC+ Int-3 Dex+2}
 16710 | D:11     | Identified the +3 scale mail "Moxtuik" {rF+ Int+5}
 16743 | D:11     | Identified the +3 pair of gloves of Burning Curiosity
                  | {Dex+2}
 16969 | D:11     | Found a runed translucent door.
 18388 | D:12     | Learned a level 5 spell: Freezing Cloud
 18613 | D:13     | Found Zism's Distillery.
 18658 | D:13     | HP: 1/103 [meliai/divine providence (14)]
 18781 | D:13     | Reached skill level 1 in Air Magic
 18811 | D:13     | Bought a potion of brilliance for 48 gold pieces
 18811 | D:13     | Bought a potion of magic for 96 gold pieces
 18811 | D:13     | Bought a potion of haste for 120 gold pieces
 18871 | D:13     | HP: 4/103 [yaktaur captain/bolt (36)]
 19493 | D:13     | Found a gate to the Vaults.
 19883 | D:14     | Learned a level 3 spell: Swiftness
 20241 | D:14     | Found an ornate altar of the Wu Jian Council.
 20542 | D:15     | Entered Level 15 of the Dungeon
 20546 | D:15     | Reached XP level 15. HP: 108/108 MP: 26/26
 20761 | D:15     | Found a staircase to the Depths.
 21533 | D:15     | Found a runed translucent door.
 21538 | D:15     | Noticed Jeromn Koenk's ghost (adept OpSh)
 21558 | D:15     | Identified the +5 trident of Hubris {antimagic, ^Fragile
                  | rF+ Str+3 Int+2}
 21599 | D:15     | Killed Jeromn Koenk's ghost
 21745 | D:15     | Identified the +4 mace of Death's Door {venom, Str+3
                  | Stlth+}
 21910 | Orc:1    | Entered Level 1 of the Orcish Mines
 21975 | Orc:1    | Noticed Urug
 21982 | Orc:1    | Killed Urug
 22234 | Orc:2    | Entered Level 2 of the Orcish Mines
 22238 | Orc:2    | Noticed Saint Roka
 22356 | Orc:2    | Reached skill level 11 in Stealth
 22359 | Orc:2    | Killed Saint Roka
 22683 | Orc:2    | Noticed Rupert
 22706 | Orc:2    | Killed Rupert
 22836 | Orc:2    | Found a staircase to the Elven Halls.
 22887 | Orc:2    | Found a burning altar of Makhleb.
 22937 | Orc:2    | Reached skill level 10 in Short Blades
 24004 | Orc:2    | Found Ymnoull's Armour Shoppe.
 24007 | Orc:2    | Found Kaduu's Distillery.
 24008 | Orc:2    | Found Seetefuwe's Assorted Antiques.
 24009 | Orc:2    | Found Vaime's Assorted Antiques.
 24012 | Orc:2    | Bought a potion of heal wounds for 165 gold pieces
 24012 | Orc:2    | Bought a vibrating steel ring for 165 gold pieces
 24012 | Orc:2    | Identified the ring "Seubryhosh" {Dex+4 SInv} (You bought
                  | it in a shop on level 2 of the Orcish Mines)
 24036 | Orc:2    | Bought the ring "Codilaats" {Fly rElec rPois rF+ Stlth-}
                  | for 746 gold pieces
 24311 | Snake:1  | Entered Level 1 of the Snake Pit
 24499 | Snake:1  | Noticed a thorn hunter
 24523 | Snake:1  | Noticed a tentacled monstrosity
 24523 | Snake:1  | Killed a thorn hunter
 24656 | Snake:1  | Reached XP level 16. HP: 51/117 MP: 2/28
 24663 | Snake:1  | Found Fetic's Magic Scroll Emporium.
 24885 | Snake:1  | Identified the +6 falchion of Vodka {venom, rElec Int+4}
 25629 | Snake:1  | Bought a scroll of blinking for 97 gold pieces
 26030 | Snake:1  | Killed a tentacled monstrosity
 26302 | Shoals:1 | Entered Level 1 of the Shoals
 26458 | Shoals:1 | Reached skill level 5 in Air Magic
 26630 | Shoals:1 | Found the +18 shield of the Gong {Loud rN+ Will+ rCorr
                  | EV-5}
 26766 | Shoals:1 | Reached skill level 10 in Conjurations
 27173 | Shoals:1 | Reached skill level 12 in Stealth
 27595 | Shoals:2 | Found Tiri's Antique Armour Boutique.
 27855 | Shoals:2 | Noticed Ilsuiw
 27923 | Shoals:2 | Killed Ilsuiw
 28601 | Shoals:2 | Found a transporter.
 28601 | Shoals:2 | Found a transporter.
 28606 | Shoals:2 | Noticed Ciuzocro's ghost (adept GnFi)
 29071 | D:6      | Killed Graknight's ghost
 29172 | D:6      | Identified the +8 short sword "Tuyfraps" {heavy, rF+ Dex+2}
 29324 | D:11     | Mangled by a +4 demon blade of pain

Illustrated notes

Levels and vault maps discovered:
D:1:      dpeg_chamrin_arrival_tetris, layout_basic, roderic_serpentine_path
D:2:      layout_loops_ring, uniq_jessica
D:3:      layout_basic, uniq_crazy_yiuf_cottage
D:4:      layout_cave_pods, serial_park, serial_park_central
          [serial_park_minivault_5x5_4, serial_park_minivault_5x5_8],
          serial_park_tiny_1, serial_park_tiny_1, saegor_snake_ambush,
          uniq_robin, uniq_sigmund
D:5:      layout_rooms, st_stairs_7, grunt_decor_junction
D:6:      layout_basic, gammafunk_ghost_arena, minmay_between
D:7:      layout_cave_pools, minmay_temple_entry_slanted, serial_shops, shop,
          uniq_joseph
D:8:      layout_rooms
D:9:      layout_cave_pools, lemuel_doored_altar, erik_lair_island
D:10:     layout_small_grid, kennysheep_orc_monster_closet_entryway,
          serial_shops, shop_coins, minmay_misc_feat_chi
D:11:     layout_long_grid, gauntlet_entry_generic, nicolae_danse_macabre
D:12:     layout_cave_pools, grunt_ministairs_10
D:13:     layout_basic, david_vaults_2, serial_shops, nicolae_stop_n_shop_1
D:14:     layout_cave_pools, pdpol_wu_jian_five_deadly_venoms
D:15:     grunt_enter_depths_giant_problem, layout_rooms, serial_ice,
          serial_ice_d, serial_ice_n, serial_ice_j, serial_ice_o, serial_ice_c,
          serial_ice_g, serial_ice_e, ebering_ghost_funeral_grove,
          nicolae_burly_brawl
Temple:   mainiacjoe_temple_trianglar_array
Lair:1:   layout_hall_layers, grunt_megastairs_2
Lair:2:   layout_chaotic_city, minmay_shoals_entry_beasts,
          minmay_snake_entry_six_corridors, uniq_gastronok, uniq_sonja
Lair:3:   beargit_carnivore_pack, layout_concentric_octagons, lemuel_fruit_tree,
          grunt_megastairs_5
Lair:4:   layout_roguey, minmay_slime_entry_pillars, gammafunk_ghost_hydra_chop,
          serial_bayou_lake_a, uniq_nessos
Lair:5:   gammafunk_lair_ancient_temple, layout_loops_ring
Shoals:1: layout_shoals, nicolae_shoals_circle_sea_wall
Shoals:2: nicolae_shoals_aurelia_aurita, layout_shoals,
          ebering_ghost_davey_jones, serial_shops, nicolae_shop_trees,
          nicolae_shoals_bring_sunscreen, uniq_ilsuiw
Snake:1:  onia_ninara_swampy_vault, layout_misc_corridors, special_room,
          serial_shops, nicolae_square_shop, nicolae_twisty_statue_hallways
Orc:1:    layout_caves, uniq_urug
Orc:2:    st_orc_pillars, layout_diamond_mine, bloody_makhleb, uniq_rupert,
          uniq_saint_roka

Skill      XL: |  1  2  3  4  5  6  7  8  9 10 11 12 13 14 15 16 |
---------------+-------------------------------------------------+-----
Short Blades   | 1 4 5 6 7 8 9 10 11 | 11.1
Stealth        | 3 6 7 8 9 10 11 12 | 12.3
Fighting       | 1 3 4 5 6 7 8 9 |  9.0
Ice Magic      | 1 4 5 7 8 9 |  9.9
Spellcasting   | 3 4 5 6 7 8 9 |  9.0
Hexes          | 6 8 9 10 | 10.0
Dodging        | 2 3 4 5 6 7 |  7.3
Armour         | 1 4 5 6 7 8 |  8.6
Conjurations   | 2 4 5 7 8 9 10 | 10.0
Fire Magic     | 2 3 5 6 7 8 9 |  9.4
Air Magic      | 2 4 6 |  6.0

Action                     |  1- 3 |  4- 6 |  7- 9 | 10-12 | 13-15 | 16-18 || total
---------------------------+-------+-------+-------+-------+-------+-------++-------
  Melee: Dagger            |   104 |   101 |   151 |   376 |   876 |   287 ||  1895
         Punch             |     1 |     1 |     1 |     8 |     6 |     6 ||    23
         Touch             |       |     8 |    27 |    51 |   156 |    50 ||   292
  Throw: Throwing net      |       |       |       |     1 |     3 |       ||     4
   Cast: Ensorcelled Hiber |     7 |    15 |    37 |   145 |   247 |    39 ||   490
         Tukima's Dance    |       |     3 |     6 |     4 |     3 |       ||    16
         Sticky Flame      |       |       |       |    10 |   113 |    74 ||   197
         Freezing Cloud    |       |       |       |       |     9 |    14 ||    23
 Invoke: Potion Petition   |       |       |       |     2 |       |     1 ||     3
         Call Merchant     |       |       |       |     1 |     3 |       ||     4
  Evoke: Wand              |       |       |     3 |       |       |     1 ||     4
         Condenser vane    |       |       |       |       |     1 |     1 ||     2
    Use: Potion            |     1 |     1 |     1 |     1 |    12 |    12 ||    28
         Scroll            |       |     4 |     2 |    10 |    22 |     4 ||    42
   Stab: Invisible         |     1 |       |       |     2 |     7 |     7 ||    17
         Paralysed         |     7 |    17 |    15 |    68 |   176 |    43 ||   326
         Sleeping          |     3 |    23 |    35 |    86 |   142 |    13 ||   302
         Distracted        |       |       |       |     3 |     8 |       ||    11
         Held in net/web   |       |       |       |     2 |     1 |       ||     3
 Armour: Robe              |    51 |    51 |    89 |   270 |   550 |   295 ||  1306
  Dodge: Dodged            |    55 |    48 |    85 |   272 |   777 |   204 ||  1441

Table legend: (Time is in decaauts)
 A = Elapsed time spent in this place.
 B = Non-inter-level travel time spent in this place.
 C = Inter-level travel time spent in this place.
 D = Time resting spent in this place.
 E = Time spent auto-exploring this place.
 F = Levels seen in this place.
 G = Mean time per level.
                   A        B        C        D        E       F      G
               +--------+--------+--------+--------+--------+-----+--------+
         Total |  28713 |  27203 |   1510 |      0 |  21442 |  27 | 1063.4 |
       Dungeon |  15392 |  14518 |    874 |      0 |  11632 |  15 | 1026.1 |
        Temple |     31 |      3 |     28 |      0 |      0 |   1 |   31.0 |
          Lair |   6094 |   5700 |    394 |      0 |   4678 |   5 | 1218.8 |
        Shoals |   2518 |   2442 |     76 |      0 |   1907 |   2 | 1259.0 |
     Snake Pit |   1731 |   1700 |     31 |      0 |   1316 |   1 | 1731.0 |
  Orcish Mines |   2175 |   2070 |    105 |      0 |   1521 |   2 | 1087.5 |
      Gauntlet |    769 |    769 |      0 |      0 |    387 |   1 |  769.0 |
               +--------+--------+--------+--------+--------+-----+--------+

Top non-repeatable levels by time:
 Snake:1: 1731 daAuts
  Lair:2: 1503 daAuts
   Orc:2: 1461 daAuts
    D:10: 1323 daAuts
Shoals:2: 1309 daAuts
     D:6: 1277 daAuts
    D:15: 1264 daAuts
     D:4: 1233 daAuts
    D:12: 1212 daAuts
Shoals:1: 1208 daAuts
  Lair:4: 1201 daAuts
     D:1: 1201 daAuts
    D:13: 1177 daAuts
  Lair:5: 1167 daAuts
  Lair:3: 1156 daAuts
